Map: Backwater LE

Players

Matiz

  • Race: Zerg Zerg
  • League: Diamond
  • Spawn Location: 5:00

A.I. 1 (Very Easy) - Winner!

  • Race: Zerg Zerg
  • Spawn Location: 11:00

VOD

Have the link to the VOD?

Description

Time

  • Played on: Feb. 9, 2018, 3:20 p.m.
  • Length: 4:49
Show
View Real Time Build Order
Export as new Build Order

Matiz Zerg 

Build Orders: Hatch First, Roach Nydus 

Get SALT Encoding   

  12  0:01  Drone  
  13  0:13  Overlord  
  13  0:17  Drone  
  14  0:24  Extractor  
  14  0:25  Drone  
  15  0:32  Drone  
  16  0:37  Drone  
  17  0:55  Hatchery, Drone  
  17  1:09  Spawning Pool  
  16  1:13  Drone  
  16  1:15  Drone  
  18  1:18  Extractor  
  18  1:20  Drone  
  18  1:29  Drone  
  19  1:40  Overlord  
  19  1:56  Queen  
  19  1:57  Zergling x2  
  22  2:02  Drone  
  22  2:07  Queen  
  25  2:09  Drone  
  25  2:13  Drone  
  27  2:19  Drone  
  28  2:24  Drone  
  28  2:28  Drone  
  30  2:33  Lair  
  30  2:36  Drone, Extractor  
  30  2:41  Drone  
  30  2:43  Queen  
  33  2:51  Roach Warren  
  32  2:52  Overlord  
  32  2:55  Drone  
  32  2:57  Drone  
  33  3:04  Drone x2  
  35  3:07  Overlord  
  35  3:18  Drone x4  
  39  3:25  Queen  
  41  3:34  Nydus Network  
  41  3:38  Roach  
  41  3:39  Roach  
  44  3:44  Roach  
  44  3:45  Roach  
  48  3:49  Overlord  
  48  3:53  Roach  
  52  3:55  Roach  
  52  4:08  Roach x3  
  52  4:09  Roach  
  60  4:14  Overlord  
  60  4:22  Nydus Canal  
  60  4:27  Overlord  
Show
View Real Time Build Order
Export as new Build Order

A.I. 1 (Very Easy) Zerg - Winner!

Build Orders: Pool Only 

Get SALT Encoding   

  12  0:01  Drone  
  13  0:12  Overlord  
  13  0:17  Drone  
  14  0:36  Spawning Pool  
  14  0:37  Extractor  
  14  0:39  Drone  
  13  0:47  Drone  
  14  0:53  Overlord  
  14  1:23  Zergling x2  
  14  1:24  Queen  
  17  1:33  Roach Warren  
  17  1:36  Drone  
  17  1:40  Extractor, Zergling x2  
  17  1:44  Drone  
  18  1:57  Drone  
  18  1:58  Zergling x2  
  20  2:08  Drone  
  21  2:19  Drone  
  22  2:29  Drone  
  23  2:31  Overlord  
  23  2:36  Drone  
  24  2:44  Drone  
Tags
 
League
Diamond
Matchup
ZvZ
Race
Zerg
Spawn Locations
Cross Positions
Strategy
Roach Nydus
Add a new tag
Caveats
  • Supply blocks, unpowered buildings, or Contaminate may cause inaccurate times.
  • Supply counts are checked every 10 seconds.